 Dungeon Crawl Stone Soup version 0.29.0-4-gdea44cf6ec (webtiles) character file.

Game seed: 11352285024572891317

208 qw the Chopper (level 5, 0/41 HPs)
             Began as a Demonspawn Cinder Acolyte on Sept 9, 2022.
             Was a High Priest of Ignis.
             Killed by nerve-wracking pain
             ... invoked by Menkaure
              (14 damage)
             ... on level 4 of the Dungeon.
             The game lasted 00:00:56 (3307 turns).

qw the Chopper (Demonspawn Cinder Acolyte)          Turns: 3307, Time: 00:00:57

Health: 0/41       AC: 13    Str: 16    XL:     5   Next: 55%
Magic:  6/6        EV:  9    Int: 16    God:    Ignis [*****.]
Gold:   241        SH:  3    Dex:  8    Spells: 6/6 levels left

rFire   + . .      SeeInvis .   Y - +0 hand axe (chaos)
rCold   . . .      Faith    .   c - +0 buckler
rNeg    . . .      Spirit   .   d - +0 scale mail
rPois   .          Reflect  .   (helmet restricted)
rElec   .          Harm     .   (no cloak)
rCorr   .          Rampage  .   (no gloves)
Will    .....                   (no boots)
Stlth   ..........              (no amulet)
HPRegen 0.13/turn               (no ring)
MPRegen 0.10/turn               (no ring)

@: fiery-armoured
A: horns 1, demonic guardian 1, weakness stinger 1, demonic touch 1
a: Renounce Religion, Fiery Armour, Foxfire Swarm, Rising Flame


You were on level 4 of the Dungeon.
You worshipped Ignis.
Ignis was extremely pleased with you.
You visited 1 branch of the dungeon, and saw 4 of its levels.

You collected 241 gold pieces.


Innate Abilities, Weirdness & Mutations

You have a pair of small horns on your head.
A weak demonic guardian rushes to your aid.
You have a small tail.
Your touch may inflict minor irresistible damage on your foes.


   Skills:
 - Level 3.0 Fighting
 + Level 5.1 Axes
 - Level 1.1 Armour
 - Level 1.3 Dodging
 - Level 1.0 Shields
 - Level 1.0 Spellcasting
 - Level 2.6 Fire Magic


You had 6 spell levels left.
You didn't know any spells.
Your spell library contained the following spells:

 Spells                   Type           Power      Damage    Failure   Level
 Scorch                   Fire           18%        2d6       52%         2

Inventory:

Hand Weapons
 e - a +0 club
 Y - a +0 hand axe of chaos (weapon)
Missiles
 a - 2 boomerangs (quivered)
Armour
 c - a +0 buckler (worn)
 d - a +0 scale mail (worn)
Potions
 b - a potion of ambrosia {unknown}
 h - a potion of curing
 j - a potion of invisibility {unknown}

Dungeon Overview and Level Annotations

Branches:
Dungeon (4/15)
 Temple: D:4-7

Altars:
Ashenzari

Annotations:
D:4 Menkaure


Message History

Press: ? - help, Q - select action Shift-Dir - straight line, f - iguana You throw a boomerang.
The boomerang barely misses the iguana.
Menkaure, Prince of Dust comes into view.
Menkaure shouts!
You hear an angry hiss.
You hit the iguana. You freeze the iguana.
The iguana is heavily wounded.
The iguana barely misses you.
You barely miss the iguana. Your headbutt misses the iguana.
Your tail-slap misses the iguana.
The iguana is heavily wounded.
The iguana barely misses you.
An iguana comes into view.
You barely miss the iguana.
The iguana hisses angrily.
You tail-slap the iguana, but do no damage.
The iguana is heavily wounded.
The iguana bites you!
You hit the iguana.
The iguana is heavily wounded.
The iguana barely misses you.
Menkaure mumbles some strange words.
Menkaure seems to speed up.
You hit the iguana.
The iguana is poisoned.
The iguana is severely wounded.
The iguana bites you!
The iguana bites you but does no damage.
You hit the iguana but do no damage. You drain the iguana.
You kill the iguana!
Menkaure calls on the powers of darkness!
Your body is wracked with pain!
The iguana convulses!
Your Armour skill increases to level 1!
3306 ||| INVOKING Fiery Armour.
A protective cloak of flame settles atop you.
Menkaure completely misses you.
You hit the iguana but do no damage.
The iguana is heavily wounded.
You hit Menkaure. You burn Menkaure. Menkaure casts a spell at you.
Pain shoots through your body!
You die...

#.. .... #...
... #..# #..#
###..## ...#
.......##..#
...........#
...........#
#.....<...##
#......@l..#
#.......M.......
#...............
..#####.......##
. ####....#
...... ......
......


You could see Menkaure (fast) and an iguana.

Vanquished Creatures
  Jessica (D:2)
  An iguana (D:4)
  Natasha (thrice) (D:2)
  Robin (D:2)
  An adder (D:3)
  A worm (D:2)
  3 orcs (D:3)
  4 ball pythons
  5 endoplasms
  2 giant cockroaches
  6 goblins
  9 hobgoblins
  2 quokkas (D:2)
  6 bats
  6 frilled lizards
  5 kobolds
  2 rats (D:1)
58 creatures vanquished.

Notes
Turn   | Place    | Note
-------+----------+-------------------------------------------
     0 | D:1      | qw the Demonspawn Cinder Acolyte began the quest for the
                  | Orb.
     0 | D:1      | Reached XP level 1. HP: 18/18 MP: 2/2
     0 | D:1      | 0 ||| qw: Version: 0.1-a-113-g051387a
     0 | D:1      | 0 ||| qw: Game counter: 7201
     0 | D:1      | 0 ||| qw: Always use a shield: true
     0 | D:1      | 0 ||| qw: God list: Okawaru
     0 | D:1      | 0 ||| qw: Allow faded altars: false
     0 | D:1      | 0 ||| qw: Do Orc after D:15 true
     0 | D:1      | 0 ||| qw: Do second Lair branch before Depths: true
     0 | D:1      | 0 ||| qw: Lair rune preference: random
     0 | D:1      | 0 ||| qw: Plans: Normal
     0 | D:1      | 0 ||| PLANNING D:1-11
    96 | D:1      | Reached skill level 3 in Axes
   260 | D:1      | 260 ||| Stepping ~*~*~tactically~*~*~ (stealth).
   269 | D:1      | 269 ||| INVOKING Fiery Armour.
   270 | D:1      | Discovered your monstrous ancestry.
   270 | D:1      | Gained mutation: You have a small tail. [demonic ancestry]
   270 | D:1      | Reached XP level 2. HP: 9/24 MP: 3/3
  1247 | D:1      | 1247 ||| UPGRADING to +0 leather armour.
  1257 | D:1      | 1257 ||| DROPPING +0 robe.
  1258 | D:1      | 1258 ||| UPGRADING to +3 leather armour.
  1268 | D:1      | 1268 ||| DROPPING +0 leather armour.
  1269 | D:1      | 1269 ||| READING scroll labelled BUSEIG JYNKY.
  1484 | D:2      | Noticed Natasha
  1485 | D:2      | 1485 ||| FLEEEEING.
  1486 | D:2      | 1486 ||| FLEEEEING.
  1487 | D:2      | 1487 ||| FLEEEEING.
  1488 | D:2      | 1488 ||| FLEEEEING.
  1489 | D:2      | 1489 ||| FLEEEEING.
  1490 | D:2      | 1490 ||| FLEEEEING.
  1491 | D:2      | 1491 ||| FLEEEEING.
  1492 | D:2      | 1492 ||| FLEEEEING.
  1493 | D:2      | 1493 ||| FLEEEEING.
  1494 | D:2      | 1494 ||| FLEEEEING.
  1495 | D:2      | 1495 ||| STAIRDANCE
  1531 | D:1      | 1531 ||| READING scroll labelled CUOGGO JEAGHOY.
  1536 | D:2      | 1536 ||| Stepping ~*~*~tactically~*~*~ (hiding).
  1542 | D:2      | Killed Natasha
  1543 | D:2      | Reached skill level 4 in Axes
  1543 | D:2      | Gained mutation: Your touch may inflict minor irresistible
                  | damage on your foes. [demonic ancestry]
  1543 | D:2      | Reached XP level 3. HP: 20/29 MP: 4/4
  1543 | D:2      | 1543 ||| STAIRDANCE
  1667 | D:2      | Noticed Natasha
  1673 | D:2      | Killed Natasha
  1674 | D:2      | Reached skill level 1 in Dodging
  1674 | D:2      | Gained mutation: A weak demonic guardian rushes to your
                  | aid. [demonic ancestry]
  1674 | D:2      | Reached XP level 4. HP: 35/35 MP: 5/5
  1811 | D:2      | Noticed Jessica
  1817 | D:2      | Killed Jessica
  1856 | D:2      | Noticed Robin
  1857 | D:2      | 1857 ||| Stepping ~*~*~tactically~*~*~ (hiding).
  1872 | D:2      | Killed Robin
  2041 | D:2      | Noticed Natasha
  2047 | D:2      | Killed Natasha
  2048 | D:2      | Reached skill level 5 in Axes
  2048 | D:2      | Gained mutation: You have a pair of small horns on your
                  | head. [demonic ancestry]
  2048 | D:2      | Reached XP level 5. HP: 38/41 MP: 6/6
  2077 | D:2      | Found a faded altar of an unknown god.
  2113 | D:2      | 2113 ||| Stepping ~*~*~tactically~*~*~ (stealth).
  2204 | D:2      | 2204 ||| FLEEEEING.
  2458 | D:2      | 2458 ||| UPGRADING to +0 buckler.
  2463 | D:2      | 2463 ||| DROPPING +0 helmet.
  2464 | D:2      | 2464 ||| READING scroll labelled WOICHI MAGRAH.
  2465 | D:2      | 2465 ||| READING scroll labelled TOLEFF HIMEJI.
  2466 | D:2      | 2466 ||| DRINKING 2 silvery potions.
  2467 | D:2      | 2467 ||| DROPPING potion of flight.
  2952 | D:3      | Reached skill level 1 in Shields
  3047 | D:3      | Found a broken altar of Ashenzari.
  3159 | D:3      | 3159 ||| Stepping ~*~*~tactically~*~*~ (stealth).
  3160 | D:3      | 3160 ||| Stepping ~*~*~tactically~*~*~ (stealth).
  3222 | D:3      | 3222 ||| UPGRADING to +0 scale mail.
  3232 | D:3      | 3232 ||| DROPPING +3 leather armour.
  3233 | D:3      | 3233 ||| READING scroll labelled GOUMPY VUZ QYU.
  3260 | D:3      | 3260 ||| DRINKING 2 clear potions.
  3261 | D:3      | 3261 ||| DRINKING 2 fuming black potions.
  3262 | D:3      | 3262 ||| DROPPING potion of magic.
  3267 | D:3      | 3267 ||| Stepping ~*~*~tactically~*~*~ (stealth).
  3268 | D:3      | 3268 ||| Stepping ~*~*~tactically~*~*~ (stealth).
  3298 | D:4      | Noticed Menkaure
  3306 | D:4      | Reached skill level 1 in Armour
  3306 | D:4      | 3306 ||| INVOKING Fiery Armour.
  3307 | D:4      | Killed from afar by Menkaure

Levels and vault maps discovered:
D:1:      eino_arrival_druids_welcome, layout_basic, minivault_11
D:2:      layout_basic, hellmonk_ecumenical_altar_crossroads, uniq_robin,
          uniq_jessica, uniq_natasha
D:3:      layout_loops_ring, lemuel_crystal_altar
D:4:      layout_layer_cave, cheibriados_altar_1, nicolae_gozag_seed_capital,
          uniq_menkaure

Skill      XL: |  1  2  3  4  5 |
---------------+----------------+-----
Axes           | 3 4 5 |  5.1
Dodging        | 1 |  1.3
Shields        | 1 |  1.0
Armour         | 1 |  1.1
Fighting       | |  3.0
Spellcasting   | |  1.0
Fire Magic     | |  2.6

Action                   |  1- 3 |  4- 6 || total
-------------------------+-------+-------++-------
Melee: Hand axe          |    60 |    81 ||   141
       Tailslap          |     3 |     9 ||    12
       Touch             |     1 |    10 ||    11
       Headbutt          |       |     5 ||     5
       Punch             |       |     1 ||     1
Throw: Boomerang         |       |    12 ||    12
Invok: Fiery Armour      |     1 |     1 ||     2
  Use: Scroll            |     2 |     3 ||     5
       Potion            |       |     3 ||     3
Armor: Robe              |    10 |       ||    10
       Leather armour    |     7 |    22 ||    29
       Scale mail        |       |     1 ||     1
Dodge: Dodged            |    30 |    58 ||    88
Block: Buckler           |       |     4 ||     4

Table legend:
 A = Non-vault XP
 B = Vault XP
 C = Vault XP percentage of total XP
 D = Non-vault monster count
 E = Vault monster count
 F = Vault count percentage of total count
                 A         B        C        D         E       F
            +---------+---------+-------+---------+---------+-------
      Total |     199 |      99 |  33.2 |      49 |       9 |  15.5
            +---------+---------+-------+---------+---------+-------
        D:1 |      27 |       0 |   0.0 |      16 |       0 |   0.0
        D:2 |     101 |      99 |  49.5 |      19 |       9 |  32.1
        D:3 |      35 |       0 |   0.0 |      13 |       0 |   0.0
        D:4 |      36 |       0 |   0.0 |       1 |       0 |   0.0
            +---------+---------+-------+---------+---------+-------
